 Dungeon Crawl Stone Soup version 0.22-a0-429-g97ce8ef721 (webtiles) character file.

186 Banto the Sneak (level 5, -2/46 HPs)
             Began as an Octopode Earth Elementalist on May 25, 2018.
             Slain by an orc wizard
             ... wielding a +0 dagger
              (3 damage)
             ... on level 4 of the Dungeon.
             The game lasted 00:03:02 (2986 turns).

Banto the Sneak (Octopode Earth Elementalist)       Turns: 2986, Time: 00:03:03

Health: -2/46      AC:  1    Str: 12    XL:     5   Next: 65%
Magic:  1/8        EV: 13    Int: 18    God:
Gold:   112        SH:  0    Dex: 13    Spells: 1/8 levels left

rFire    . . .     SeeInvis .   d - +1 club
rCold    . . .     Gourm    .   (no shield)
rNeg     . . .     Faith    .   (helmet restricted)
rPois    .         Spirit   .   (no amulet)
rElec    .         Reflect  .   (no ring)
rCorr    .         Harm     .   (no ring)
MR       .....                  (no ring)
Stlth    ..........             (no ring)
HPRegen  0.15/turn              (no ring)
MPRegen  0.11/turn              (no ring)
                                (no ring)
                                (no ring)

@: berserking, very slightly contaminated, very quick
A: almost no armour, stealthy swim, amphibious, 8 rings, constrict 8, camouflage
1, gelatinous body 1
a: no special abilities


You were on level 4 of the Dungeon.
You were not hungry.

You visited 1 branch of the dungeon, and saw 4 of its levels.

You collected 112 gold pieces.

Inventory:

Hand Weapons
 d - a +1 club (weapon)
Missiles
 b - 56 stones (quivered)
Scrolls
 a - a scroll of enchant weapon
 f - 6 scrolls of fog
 i - 2 scrolls of enchant armour
Potions
 e - a potion of berserk rage
 g - a potion of resistance {unknown}
 j - a potion of haste {unknown}
Comestibles
 c - 4 rations
 h - a chunk of flesh


   Skills:
 - Level 2.0 Dodging
 + Level 6.0 Stealth
 - Level 2.0 Spellcasting
 - Level 1.0 Transmutations
 + Level 4.8 Earth Magic


You had one spell level left.
You knew the following spells:

 Your Spells              Type           Power        Failure   Level  Hunger
a - Sandblast             Erth           ###...       2%          1    #......
b - Passwall              Tmut/Erth      ##......     9%          2    ###....
c - Petrify               Tmut/Erth      ##......     47%         4    #####..

Your spell library contained the following spells:

 Spells                   Type           Power        Failure   Level  Hunger
 Stone Arrow              Conj/Erth      ##....       21%         3    ###....
 Lee's Rapid Deconstruct  Erth           ###.......   56%         5    ######.


Dungeon Overview and Level Annotations

Branches:
Dungeon (4/15)
 Temple: D:4-7

Altars:


Innate Abilities, Weirdness & Mutations

You cannot wear most types of armour.
You are very stealthy in the water. (Stealth+)
You are amphibious.
You can wear up to eight rings at the same time.
You can use your tentacles to constrict eight enemies at once.
Your skin changes colour to match your surroundings (Stealth+).
Your rubbery body absorbs attacks. (AC +1, EV +1)


Message History

You are very lightly contaminated with residual magic.
You feel earthy. The orc wizard hits you with a dagger.
* * * LOW HITPOINT WARNING * * *
The orc wizard points at you and mumbles some strange words.
The magic dart hits you!
* * * LOW HITPOINT WARNING * * *
You take 9 damage, and have 1/31 hp.
MASSIVE DAMAGE!!
You now have 0/8 mp.
Casting: Sandblast (safe; 2% risk of failure)
Confirm with . or Enter, or press ? or * to list all spells.
You don't have enough magic to cast that spell.
Unknown command.
It was a potion of berserk rage.
A red film seems to cover your vision as you go berserk!
You feel yourself moving faster!
You feel mighty!
The orc wizard hits you but does no damage.
You now have 1/46 hp.
You barely miss the orc wizard. Your grab misses the orc wizard.
The orc wizard is heavily wounded.
The orc wizard hits you with a dagger.
You die...

8.# #.# ### ..# .># #.#
#)# #.# ########o# #.#
#......#@# #######.#
#.####.#.# .......<#
#.# #.#.###########.#
#.# #............##.#
#.######.########.##.##
#.##...#.# #####.....#
#.##.#.#.# #.........#
#.##.#.#.####.######.##
#......#.#.)#.# #.#


You could see an orc wizard.

Vanquished Creatures
  An orc wizard (D:4)
  3 gnolls (D:3)
  6 adders
  2 oozes
  2 worms (D:3)
  2 leopard geckos (D:1)
  3 orcs
  5 bats
  3 giant cockroaches
  7 goblins
  6 hobgoblins
  6 jackals
  3 kobolds
  2 ball pythons
  7 frilled lizards
  6 rats
64 creatures vanquished.

Notes
Turn   | Place    | Note
-------+----------+-------------------------------------------
     0 | D:1      | Banto the Octopode Earth Elementalist began the quest for the Orb.
     0 | D:1      | Reached XP level 1. HP: 11/11 MP: 3/3
   180 | D:1      | Reached skill level 3 in Stealth
   217 | D:1      | Reached XP level 2. HP: 10/17 MP: 5/5
   477 | D:1      | Learned a level 2 spell: Passwall
   723 | D:1      | Reached XP level 3. HP: 19/21 MP: 6/6
   750 | D:1      | Reached skill level 4 in Stealth
  1533 | D:2      | Reached XP level 4. HP: 27/27 MP: 3/7
  1785 | D:3      | HP: 1/27 [gnoll/halberd (11)]
  2359 | D:3      | Reached skill level 5 in Stealth
  2519 | D:3      | Reached XP level 5. HP: 31/31 MP: 6/8
  2606 | D:3      | Learned a level 4 spell: Petrify
  2980 | D:4      | Reached skill level 6 in Stealth
  2984 | D:4      | HP: 1/31 [orc wizard/magic dart (7)]
  2986 | D:4      | Slain by an orc wizard

Vault maps used:
D:1:      matt_arrival_spirals, columned_hall_lemuel
D:2:      first_ration
D:4:      minmay_temple_entry_hall, lemuel_statue_altar

Skill      XL: |  1  2  3  4  5 |
---------------+----------------+-----
Stealth        | 3 4 5 6 |  6.0
Earth Magic    | 4 |  4.8
Dodging        | |  2.0
Spellcasting   | |  2.0
Transmutations | |  1.0

Action                   |  1- 3 |  4- 6 || total
-------------------------+-------+-------++-------
Melee: Club              |    69 |    33 ||   102
       Tentacles         |    13 |     4 ||    17
       Constrict         |    17 |     8 ||    25
       Unarmed           |     1 |       ||     1
 Cast: Sandblast         |    20 |    29 ||    49
  Use: Scroll            |       |     8 ||     8
       Potion            |       |     1 ||     1
 Stab: Sleeping          |     5 |     9 ||    14
  Eat: Chunk             |     2 |     5 ||     7
Armor: Skin              |    12 |     5 ||    17
Dodge: Dodged            |    69 |    32 ||   101

Table legend:
 A = Spawn XP
 B = Non-spawn XP
 C = Spawn XP percentage of total XP
 D = Spawn monster count
 E = Non-spawn monster count
 F = Spawn count percentage of total count
 G = Total turns spent on level
                    A         B        C        D         E        F      G
               +---------+---------+-------+---------+---------+-------+---------
         Total |       0 |     266 |   0.0 |       0 |      64 |   0.0 |  2986
               +---------+---------+-------+---------+---------+-------+---------
           D:1 |       0 |      48 |   0.0 |       0 |      25 |   0.0 |  1133
           D:2 |       0 |      36 |   0.0 |       0 |      11 |   0.0 |   898
           D:3 |       0 |     142 |   0.0 |       0 |      25 |   0.0 |   878
           D:4 |       0 |      40 |   0.0 |       0 |       3 |   0.0 |    77
               +---------+---------+-------+---------+---------+-------+---------

Table legend:
 A = Turns spent in this place as a percentage of turns spent in the entire game.
 B = Non-inter-level travel turns spent in this place as a percentage of non-inter-level travel turns spent in the entire game.
 C = Inter-level travel turns spent in this place as a percentage of turns spent in this place.
 D = Turns resting spent in this place as a percentage of non-inter-level travel turns spent in this place.
 E = Turns spent auto-exploring this place as a percentage of non-inter-level travel turns spent in this place.
 F = Non-inter-level travel turns spent in this place divided by the number of levels of this place that you've seen.
                   A       B       C       D       E      F
               +-------+-------+-------+-------+-------+----------------------
         Total | 100.0 | 100.0 |   3.5 |  22.3 |  58.2 | 720.0
       Dungeon | 100.0 | 100.0 |   3.5 |  22.3 |  58.2 | 720.0
               +-------+-------+-------+-------+-------+----------------------

Table legend:
 A = Kills in this place as a percentage of kills in entire the game.
 B = Kills by you in this place as a percentage of kills by you in the entire game.
 C = Kills by friends in this place as a percentage of kills by friends in the entire game.
 D = Other kills in this place as a percentage of other kills in the entire game.
 E = Experience gained in this place as a percentage of experience gained in the entire game.
 F = Experience gained in this place divided by the number of levels of this place that you have seen.
                   A       B       C       D       E      F
               +-------+-------+-------+-------+-------+----------------------
         Total | 100.0 | 100.0 |   N/A |   N/A | 100.0 |  66.5
       Dungeon | 100.0 | 100.0 |   N/A |   N/A | 100.0 |  66.5
               +-------+-------+-------+-------+-------+----------------------
